 Dungeon Crawl Stone Soup version 0.21-a0-258-g4c0eb85 (webtiles) character file.

3094 tof the Grappler (level 9, -2/88 HPs)
             Began as a Troll Fighter on Sept 6, 2017.
             Was an Initiate of Wu Jian.
             Slain by an unseen horror (10 damage)
             ... on level 6 of the Dungeon.
             The game lasted 00:12:39 (4472 turns).

tof the Grappler (Troll Fighter)                    Turns: 4472, Time: 00:12:40

Health: -2/88      AC:  6    Str: 34    XL:     9   Next: 59%
Magic:  8/8        EV: 10    Int:  4    God:    Wu Jian [......]
Gold:   370        SH: 10    Dex:  9    Spells: 8/8 levels left

rFire    . . .     SeeInvis .     - Unarmed
rCold    . . .     Gourm    +   b - +0 shield
rNeg     . . .     Faith    .   r - +0 robe
rPois    .         Spirit   .   (helmet restricted)
rElec    .         Reflect  .   F - +0 cloak
rCorr    .         Harm     .   (gloves unavailable)
MR       +....                  (boots unavailable)
Stlth    +.........             v - amulet of regeneration
HPRegen  1.04/turn              t - +5 ring of strength
MPRegen  0.11/turn              y - ring of protection from magic

@: about to teleport
A: unfitting armour, claws 3, fast metabolism 3, gourmand, regeneration 1,
shaggy fur 1, tough skin 2
a: Renounce Religion


You were on level 6 of the Dungeon.
You worshipped Wu Jian.
Wu Jian was noncommittal.
You were very full.

You visited 2 branches of the dungeon, and saw 7 of its levels.

You collected 370 gold pieces.

Inventory:

Missiles
 a - 18 poisoned needles
 f - 5 tomahawks of dispersal (quivered)
 p - 5 steel tomahawks
 E - 10 tomahawks
Armour
 b - a +0 shield (worn)
 r - a +0 robe (worn)
 F - a +0 cloak (worn)
Jewellery
 t - a +5 ring of strength (left claw)
 v - an amulet of regeneration (around neck)
 y - a ring of protection from magic (right claw)
Wands
 o - a wand of digging (24/24)
 B - a wand of confusion (35/48)
 D - a wand of polymorph (7/24)
 I - a wand of paralysis (6/24)
Scrolls
 e - a scroll of recharging
 i - 2 scrolls of identify
 k - 2 scrolls of teleportation
 l - 3 scrolls of remove curse
 n - a scroll of random uselessness
 w - a scroll of immolation {unknown}
 x - a scroll of noise {unknown}
 K - a scroll of enchant weapon {unknown}
Potions
 c - 2 potions of might
 h - a potion of berserk rage {unknown}
 j - 2 potions of curing {unknown}
 m - 2 potions of brilliance {unknown}
 q - 3 potions of haste {unknown}
 s - a potion of agility {unknown}
 u - 2 potions of resistance {unknown}
 z - a potion of cancellation {unknown}
 A - 2 potions of heal wounds {unknown}
 G - a potion of magic {unknown}
 J - a potion of lignification {unknown}
 L - a potion of ambrosia {unknown}
Comestibles
 d - 7 bread rations
 g - 4 meat rations
 C - 3 royal jellies


   Skills:
 + Level 5.5 Fighting
 + Level 5.7 Dodging
 + Level 5.2 Shields
 * Level 9.0 Unarmed Combat


You had 8 spell levels left.
You didn't know any spells.

Dungeon Overview and Level Annotations

Branches:
Dungeon (6/15)             Temple (1/1) D:5

Altars:
Ashenzari
Cheibriados
Qazlal
Sif Muna
Trog
Uskayaw
Wu Jian
Xom
Yredelemnul

Shops:
D:5 }


Innate Abilities, Weirdness & Mutations

You are too large for most types of armour.
You have claws for hands.
Your metabolism is lightning-fast.
You like to eat raw meat.
Your natural rate of healing is unusually fast.
You are covered in fur. (AC +1)
You have very tough skin. (AC +2)


Message History

Something hits you!
You mangle something!! Something hits you but does no damage.
Something hits you! Something hits you. You block something's attack.
You claw something! Something hits you. Something hits you. Something hits you!
Something hits you but does no damage. Something hits you.
You barely miss something. Something hits you!
* * * LOW HITPOINT WARNING * * *
Something hits you.
* * * LOW HITPOINT WARNING * * *
As you read the scroll of teleportation, it crumbles to dust.
You feel strangely unstable. Something hits you!
* * * LOW HITPOINT WARNING * * *
Something hits you.
* * * LOW HITPOINT WARNING * * *
Something hits you!
You die...

...........# #.# #..........##.#
#######..รท.# #.# #.###########.#
# #....# #.# #.#.. ......... #
#....# #.# #.#.#########.# #
#....# #.# #.#.#.. #.# # #....#
#.# #)#.#.# ## #.# # #....# #.#
#.#.#.# .. #.#
#######....###.####.#)#.#.###.#.#
.(.........'....@......>.........
######.....###.####.#.....#...
######.#######.# #.#.########
.....p.......#.# #...........
######.#####.#)# ###.###########
.#####.# #.#.# #.#.....#....
.......# #.#.# #.#.......###
..###..# #.#.# #.####<......
#.#<#..# #.#.# #............


There were no monsters in sight!

Vanquished Creatures
  Pikel (D:6)
  Sigmund (D:6)
  A water moccasin (D:4)
  An ice beast (D:5)
  A phantom (D:3)
  A slave (D:6)
  The ghost of tof the Slasher, an amateur MiBe of Trog (D:3)
  3 ogres
  A centaur (D:4)
  A wyvern zombie (D:6)
  2 scorpions
  6 killer bees
  A howler monkey (D:6)
  A crimson imp (D:5)
  A centaur zombie (D:5)
  3 hounds
  8 orc priests
  A bullfrog zombie (D:5)
  A jelly (D:5)
  2 bullfrog skeletons
  2 centaur skeletons (D:4)
  12 orc wizards
  Ijyb (D:4)
  7 worker ants
  A hound skeleton (D:5)
  5 adders
  6 gnolls
  2 shadow imps
  2 oozes
  An adder zombie (D:4)
  9 worms
  5 leopard geckos
  28 orcs
  8 bats
  5 giant cockroaches
  6 goblins
  9 hobgoblins
  11 jackals
  5 kobolds
  6 quokkas
  A ball python (D:1)
  2 frilled lizards
  8 rats
180 creatures vanquished.

Vanquished Creatures (others)
  An iguana (D:6)
1 creature vanquished.

Grand Total: 181 creatures vanquished

Notes
Turn   | Place    | Note
-------+----------+-------------------------------------------
     0 | D:1      | tof the Troll Fighter began the quest for the Orb.
     0 | D:1      | Reached XP level 1. HP: 22/22 MP: 0/0
   141 | D:1      | Reached XP level 2. HP: 29/29 MP: 1/1
   379 | D:1      | Reached XP level 3. HP: 36/36 MP: 2/2
   666 | D:2      | Reached skill level 3 in Unarmed Combat
   876 | D:2      | Reached XP level 4. HP: 44/44 MP: 3/3
  1422 | D:3      | Reached XP level 5. HP: 42/50 MP: 4/4
  1517 | D:3      | Reached skill level 4 in Unarmed Combat
  1809 | D:3      | Noticed a phantom
  1836 | D:3      | Killed a phantom
  1836 | D:3      | Reached XP level 6. HP: 56/61 MP: 5/5
  1945 | D:3      | Noticed tof's ghost (amateur MiBe)
  1960 | D:3      | Killed tof's ghost
  1960 | D:3      | Reached skill level 5 in Unarmed Combat
  2180 | D:4      | Reached XP level 7. HP: 38/67 MP: 6/6
  2262 | D:4      | Noticed Ijyb
  2266 | D:4      | Killed Ijyb
  2413 | D:4      | Found a basalt altar of Yredelemnul.
  2439 | D:4      | Reached skill level 6 in Unarmed Combat
  2458 | D:4      | Reached XP level 8. HP: 39/78 MP: 7/7
  2831 | D:4      | Reached skill level 7 in Unarmed Combat
  3244 | D:5      | Entered Level 5 of the Dungeon
  3447 | D:5      | Reached skill level 5 in Dodging
  3453 | D:5      | Found Rokkepuk's Gadget Shoppe.
  3646 | D:5      | Reached XP level 9. HP: 87/87 MP: 8/8
  3661 | D:5      | Reached skill level 8 in Unarmed Combat
  3730 | D:5      | Found a staircase to the Ecumenical Temple.
  3736 | Temple   | Entered the Ecumenical Temple
  3809 | Temple   | Became a worshipper of the Wu Jian Council
  3922 | D:6      | Reached skill level 5 in Fighting
  4019 | D:6      | Noticed Pikel
  4031 | D:6      | Killed Pikel
  4031 | D:6      | Reached skill level 5 in Shields
  4075 | D:6      | Noticed Sigmund
  4093 | D:6      | Killed Sigmund
  4219 | D:6      | HP: 1/88 [something (9)]
  4351 | D:6      | Reached skill level 9 in Unarmed Combat
  4472 | D:6      | Slain by an unseen horror

Vault maps used:
D:1:      lightli_molten_gateway, hangedman_glass_teeth, minmay_misc_feat_tower
D:2:      first_bread
D:3:      wad_river_or_something
D:4:      yredelemnul_altar_generic, serial_park_tiny_2,
          nicolae_underground_beach, uniq_ijyb
D:5:      temple_green, minmay_shop_grid_forest
D:6:      fedhas_altar_decomposition, uniq_pikel, uniq_sigmund
Temple:   roderic_octagonal_lattice_temple

Skill      XL: |  1  2  3  4  5  6  7  8  9 |
---------------+----------------------------+-----
Unarmed Combat | 3 4 5 6 7 9 |  9.0
Dodging        | 3 4 5 |  5.7
Fighting       | 3 4 5 |  5.5
Shields        | 3 4 5 |  5.2

Action                   |  1- 3 |  4- 6 |  7- 9 || total
-------------------------+-------+-------+-------++-------
Melee: Unarmed           |    99 |   173 |   312 ||   584
  Use: Scroll            |       |       |     6 ||     6
 Stab: Sleeping          |       |     1 |     1 ||     2
  Eat: Chunk             |    14 |    12 |    20 ||    46
Armor: Robe              |    27 |    32 |    80 ||   139
Dodge: Dodged            |    37 |    46 |   114 ||   197
Block: Shield            |    53 |    67 |   154 ||   274

Table legend:
 A = Spawn XP
 B = Non-spawn XP
 C = Spawn XP percentage of total XP
 D = Spawn monster count
 E = Non-spawn monster count
 F = Spawn count percentage of total count
 G = Total turns spent on level
                    A         B        C        D         E        F      G
               +---------+---------+-------+---------+---------+-------+---------
         Total |       0 |    4420 |   0.0 |       0 |     179 |   0.0 |  4472
               +---------+---------+-------+---------+---------+-------+---------
           D:1 |       0 |      53 |   0.0 |       0 |      17 |   0.0 |   521
           D:2 |       0 |      76 |   0.0 |       0 |      24 |   0.0 |   701
           D:3 |       0 |     589 |   0.0 |       0 |      43 |   0.0 |  1023
           D:4 |       0 |    1209 |   0.0 |       0 |      40 |   0.0 |   999
           D:5 |       0 |    1044 |   0.0 |       0 |      40 |   0.0 |   579
           D:6 |       0 |    1449 |   0.0 |       0 |      15 |   0.0 |   559
               +---------+---------+-------+---------+---------+-------+---------
